[Event "fics rated crazyhouse match"]
[Site "fics, Oklahoma City, OK USA"]
[Date "2000.02.22"]
[White "spurs"]
[WhiteElo "2291"]
[Black "XXNoWay"]
[BlackElo "2270"]
[TimeControl "60+0"]
[Result "0-1"]

1. d4 e6 2. Nf3 Nf6 3. Bg5 Be7 4. Bxf6 Bxf6 5. e4 d5 6. Nc3 
dxe4 7. Nxe4 Rg8 8. Bb5+ Bd7 9. Bxd7+ Nxd7 10. Nxf6+ gxf6 11. P@e5 B@g4 
12. exf6 Bxf3 13. Qxf3 Qxf6 14. Qxf6 Nxf6 15. B@a3 P@d2+ 16. Kd1 P@e2+ 17. Kxe2 
N@f4+ 18. Kxd2 Q@e2+ 19. Kc1 N@d3+ 20. Kb1 B@d6 21. Bxd6 cxd6 22. N@c7+ Kd7 
23. Nxa8 Rxa8 24. B@b5+ B@c6 25. Bxd3 Nxd3 26. R@d1 Qxd1+ 27. Rxd1 R@c1+ 28. Rxc1 
N@d2# 
{spurs checkmated} 0-1

[Event "fics rated crazyhouse match"]
[Site "fics, Oklahoma City, OK USA"]
[Date "2000.02.22"]
[White "XXNoWay"]
[WhiteElo "2278"]
[Black "spurs"]
[BlackElo "2283"]
[TimeControl "60+0"]
[Result "1-0"]

1. e4 e6 2. Nc3 d5 3. Nf3 dxe4 4. Nxe4 Bb4 5. Ng3 Nc6 6. Bb5 
Nf6 7. O-O Bd7 8. d3 Bd6 9. Bg5 Bxg3 10. fxg3 h5 11. P@e5 Nxe5 
12. Bxf6 gxf6 13. Nxe5 Bxb5 14. Nxf7 Ke7 15. N@g6+ Kxf7 16. N@e5+ Kg7 17. Nxh8 
Kxh8 18. Nf7+ Kg7 19. Nxd8 B@d4+ 20. P@f2 Rxd8 21. Qxh5 P@g6 22. Q@h7+ Kf8 
23. R@g8# 
{spurs checkmated} 1-0

[Event "fics rated crazyhouse match"]
[Site "fics, Oklahoma City, OK USA"]
[Date "2000.02.22"]
[White "spurs"]
[WhiteElo "2275"]
[Black "XXNoWay"]
[BlackElo "2286"]
[TimeControl "60+0"]
[Result "1-0"]

1. d4 e6 2. Nf3 Nf6 3. Bg5 d5 4. Bxf6 gxf6 5. Nc3 Rg8 6. e3 
Bb4 7. Bb5+ Bd7 8. Bxd7+ Nxd7 9. B@e5 fxe5 10. dxe5 B@g4 11. N@f6+ Nxf6 
12. exf6 Qxf6 13. P@e5 Bxf3 14. exf6 Bxd1 15. Rxd1 Rxg2 16. B@d7+ Kxd7 17. N@e5+ 
Kd6 18. Rxd5+ exd5 19. Q@e7# 
{XXNoWay checkmated} 1-0

[Event "fics rated crazyhouse match"]
[Site "fics, Oklahoma City, OK USA"]
[Date "2000.02.22"]
[White "XXNoWay"]
[WhiteElo "2278"]
[Black "spurs"]
[BlackElo "2283"]
[TimeControl "60+0"]
[Result "1-0"]

1. e4 e6 2. Nc3 d5 3. e5 Bb4 4. Nf3 Bxc3 5. dxc3 Ne7 6. Bg5 
Qd7 7. Bxe7 Qxe7 8. B@h4 f6 9. exf6 gxf6 10. N@h5 P@g7 11. P@e5 Nd7 
12. Bb5 B@c6 13. exf6 gxf6 14. Bxc6 bxc6 15. B@g7 Rg8 16. Bgxf6 Qf7 17. Ne5 
Nxe5 18. Bxe5 Qxh5 19. N@f6+ Kf8 20. Qxh5 B@f7 21. Nxh7+ Ke8 22. Q@e7# 
{spurs checkmated} 1-0

[Event "fics rated crazyhouse match"]
[Site "fics, Oklahoma City, OK USA"]
[Date "2000.02.22"]
[White "spurs"]
[WhiteElo "2275"]
[Black "XXNoWay"]
[BlackElo "2286"]
[TimeControl "60+0"]
[Result "1-0"]

1. d4 e6 2. Nf3 Nf6 3. Bg5 d5 4. Bxf6 gxf6 5. Nc3 Rg8 6. e3 
Nc6 7. Bb5 B@b4 8. Bxc6+ bxc6 9. N@h5 B@e4 10. Nxf6+ Qxf6 11. P@e5 Bxf3 
12. Qxf3 Qxf3 13. gxf3 N@c4 14. N@f6# 
{XXNoWay resigns} 1-0

[Event "fics rated crazyhouse match"]
[Site "fics, Oklahoma City, OK USA"]
[Date "2000.02.22"]
[White "XXNoWay"]
[WhiteElo "2278"]
[Black "spurs"]
[BlackElo "2283"]
[TimeControl "60+0"]
[Result "0-1"]

1. e4 e6 2. Nc3 d5 3. Nf3 dxe4 4. Nxe4 Nc6 5. Bb5 Be7 6. d3 
Bd7 7. O-O Nf6 8. Nxf6+ Bxf6 9. P@g5 Be7 10. N@h5 Rg8 11. Bxc6 Bxc6 
12. N@e5 Bxf3 13. Qxf3 B@g6 14. Nxg6 hxg6 15. B@h7 N@d4 16. Qe4 N@e2+ 17. Kh1 
P@f3 18. Bxg8 fxg2+ 19. Qxg2 P@f3 20. B@a4+ c6 21. Nxg7+ Kf8 22. Nxe6+ Kxg8 
23. R@g7+ Kh8 24. Qh3+ B@h5 25. Rxf7 Qg8 26. P@g7+ Qxg7 27. Rg1 P@g2+ 28. Rxg2 
fxg2+ 29. Qxg2 R@e1+ 30. Qg1 Nxg1 31. Rxg7 Ngf3# 
{XXNoWay forfeits on time} 0-1

[Event "fics rated crazyhouse match"]
[Site "fics, Oklahoma City, OK USA"]
[Date "2000.02.22"]
[White "LSS"]
[WhiteElo "2542"]
[Black "Bobeskillz"]
[BlackElo "2090"]
[TimeControl "180+0"]
[Result "1-0"]

1. e4 e6 2. d4 Nc6 3. Nf3 Nf6 4. Bd3 d5 5. e5 Ng4 6. O-O 
Nxd4 7. Nxd4 Nxe5 8. f4 Nxd3 9. cxd3 B@b6 10. Be3 Bfc5 11. N@c2 Bxd4 
12. Nxd4 P@c5 13. Nf3 d4 14. Bf2 N@e3 15. Bxe3 dxe3 16. Qe2 P@f2+ 17. Kh1 
c4 18. B@b5+ Bd7 19. Bxc4 Bc6 20. N@e5 B@h5 21. Nxc6 bxc6 22. N@e5 Bxf3 
23. Qxf3 N@h4 24. Qxc6+ Kf8 25. B@a3+ N@d6 26. Bxd6+ cxd6 27. N@d7+ Kg8 28. Bxe6 
B@h5 29. P@e7 Qe8 30. Qxa8 
{Bobeskillz resigns} 1-0

[Event "fics rated crazyhouse match"]
[Site "fics, Oklahoma City, OK USA"]
[Date "2000.02.22"]
[White "jtp"]
[WhiteElo "2274"]
[Black "Gobi"]
[BlackElo "2284"]
[TimeControl "180+0"]
[Result "0-1"]

1. e4 e5 2. Nf3 Nc6 3. c3 Nf6 4. Qc2 d5 5. exd5 Qxd5 6. Na3 
Bxa3 7. bxa3 e4 8. Nd4 Ne5 9. B@b3 P@c4 10. Ba4+ Bd7 11. Rb1 O-O 
12. Bxd7 Qxd7 13. B@g5 B@d3 14. Bxf6 Bxc2 15. Nxc2 N@f3+ 16. gxf3 Nxf3+ 17. Kd1 
P@d3 18. Bxg7 Kxg7 19. N@h5+ Kh6 20. B@g7+ Kxh5 21. N@f6+ Kg6 22. Nxd7 B@e2+ 
23. Bxe2 dxe2+ 24. Kxe2 B@d3+ 25. Ke3 N@g2# 
{jtp checkmated} 0-1

[Event "fics rated crazyhouse match"]
[Site "fics, Oklahoma City, OK USA"]
[Date "2001.02.22"]
[White "Fudpucker"]
[WhiteElo "2267"]
[Black "liveZ"]
[BlackElo "2363"]
[TimeControl "180+0"]
[Result "0-1"]

1. e4 Nf6 2. Nc3 e6 3. Nf3 Nc6 4. d4 Bb4 5. Bd3 d5 6. e5 
Ne4 7. Bd2 Nxd2 8. Qxd2 B@e4 9. Nxe4 dxe4 10. c3 exd3 11. Qxd3 B@f5 
12. P@e4 N@c5 13. Qe2 Nxe4 14. N@h5 Rg8 15. cxb4 Nxd4 16. Nxd4 Qxd4 17. N@f6+ 
gxf6 18. B@c3 P@d2+ 19. Kf1 P@h3 20. B@f3 hxg2+ 21. Bxg2 P@h3 22. Bf3 Qxc3 
23. bxc3 B@g2+ 24. Kg1 Bxf3+ 25. Q@g3 Rxg3+ 26. fxg3 B@e3+ 27. R@f2 Q@g2# 
{Fudpucker checkmated} 0-1

[Event "fics rated crazyhouse match"]
[Site "fics, Oklahoma City, OK USA"]
[Date "2001.02.22"]
[White "liveZ"]
[WhiteElo "2369"]
[Black "Fudpucker"]
[BlackElo "2261"]
[TimeControl "180+0"]
[Result "1-0"]

1. e4 e6 2. d4 Nc6 3. Nf3 Nf6 4. Bd3 d6 5. Be3 Be7 6. Nc3 
O-O 7. O-O Ng4 8. Qd2 f5 9. exf5 exf5 10. d5 Nxe3 11. Qxe3 B@g5 
12. P@f4 Bgf6 13. dxc6 bxc6 14. N@g5 P@e4 15. Bxe4 fxe4 16. Ncxe4 Bxg5 17. Nexg5 
N@d5 18. P@g6 P@f7 19. B@e6 Bxe6 20. Qxe6 fxe6 21. gxh7+ Kh8 22. N@g6# 
{Fudpucker checkmated} 1-0

[Event "fics rated crazyhouse match"]
[Site "fics, Oklahoma City, OK USA"]
[Date "2001.02.22"]
[White "Fudpucker"]
[WhiteElo "2255"]
[Black "liveZ"]
[BlackElo "2375"]
[TimeControl "180+0"]
[Result "0-1"]

1. e4 Nf6 2. Bc4 e6 3. Nc3 d5 4. exd5 exd5 5. Bb5+ c6 6. Be2 
Bb4 7. Nf3 Nbd7 8. a3 Ba5 9. O-O P@e4 10. Nd4 Ne5 11. d3 exd3 
12. Bxd3 P@h3 13. gxh3 Bxh3 14. P@f5 Bxf1 15. Bxf1 Bxc3 16. bxc3 R@g4+ 17. P@g3 
Rxd4 18. cxd4 N@f3+ 19. Kh1 N@c3 20. P@e6 Nxd1 21. exf7+ Nxf7 22. B@g1 Ng4 
23. B@h5 Ngxf2+ 24. Bxf2 Nxf2+ 25. Kg2 B@h1+ 26. Kxf2 Q@e1# 
{Fudpucker checkmated} 0-1

[Event "fics rated crazyhouse match"]
[Site "fics, Oklahoma City, OK USA"]
[Date "2000.02.23"]
[White "valdushka"]
[WhiteElo "2176"]
[Black "Firefly"]
[BlackElo "2494"]
[TimeControl "120+0"]
[Result "0-1"]

1. e4 e6 2. d4 Nc6 3. Nc3 Bb4 4. Nf3 Nf6 5. Bd3 d5 6. Bg5 
dxe4 7. Bxf6 Qxf6 8. Bxe4 P@a3 9. Bxc6+ bxc6 10. P@d2 axb2 11. Rb1 Bxc3 
12. dxc3 N@f4 13. B@f1 P@e2 14. Bxe2 Nxg2+ 15. Kf1 B@h3 16. Kg1 Nf4 17. N@e4 
Qg6+ 18. Nfg5 P@g2 
{valdushka resigns} 0-1

[Event "fics rated crazyhouse match"]
[Site "fics, Oklahoma City, OK USA"]
[Date "2000.02.23"]
[White "Firefly"]
[WhiteElo "2496"]
[Black "valdushka"]
[BlackElo "2174"]
[TimeControl "120+0"]
[Result "1-0"]

1. e4 Nf6 2. Nc3 d5 3. e5 Ne4 4. d4 e6 5. Nf3 Bb4 6. Bd2 
Bxc3 7. bxc3 Nc6 8. Bd3 Qe7 9. B@h4 f6 10. exf6 gxf6 11. P@e5 P@g7 
12. O-O N@f5 13. exf6 gxf6 14. Bg3 Nfxg3 15. hxg3 e5 16. dxe5 fxe5 17. Bxe4 
dxe4 18. N@d5 Qf7 19. N@f6+ Kf8 20. Ng5 B@g6 21. Nxf7 Bxf7 22. P@g7+ Kxg7 
23. Q@h6# 
{valdushka checkmated} 1-0

[Event "fics rated crazyhouse match"]
[Site "fics, Oklahoma City, OK USA"]
[Date "2000.02.23"]
[White "valdushka"]
[WhiteElo "2172"]
[Black "Firefly"]
[BlackElo "2498"]
[TimeControl "120+0"]
[Result "0-1"]

1. d4 e6 2. Nc3 Nf6 3. e4 Bb4 4. Bd3 Nc6 5. Nf3 d5 6. Bg5 
dxe4 7. Bxf6 Qxf6 8. Bxe4 P@a3 9. N@b5 B@a5 10. P@d2 axb2 11. Rb1 Bxc3 
12. dxc3 N@f4 13. Ng1 a6 14. Na3 Bxc3+ 15. B@d2 Bxd2+ 16. Qxd2 B@c1 17. Rxc1 
bxc1=Q+ 18. Qxc1 P@c3 19. P@d2 P@b2 
{valdushka resigns} 0-1

[Event "fics rated crazyhouse match"]
[Site "fics, Oklahoma City, OK USA"]
[Date "2001.02.23"]
[White "tantheman"]
[WhiteElo "2351"]
[Black "fermy"]
[BlackElo "2370"]
[TimeControl "60+0"]
[Result "0-1"]

1. e4 e6 2. Nc3 Nc6 3. Nf3 d6 4. d4 Be7 5. e5 dxe5 6. dxe5 
Qxd1+ 7. Kxd1 P@g4 8. Bb5 gxf3 9. gxf3 Bd7 10. Re1 Rd8 11. P@d3 Nd4 
12. Bxd7+ Rxd7 13. Q@c8+ Q@d8 14. Qxd8+ Bxd8 15. B@a4 c6 16. Be3 Nxf3 17. Bc5 
B@e7 18. Be3 Nxe1 19. Kxe1 R@g1+ 20. N@f1 P@f3 21. P@e2 Rxf1+ 22. Kxf1 Q@g2+ 
23. Ke1 Qg1+ 24. R@f1 N@g2+ 25. Kd2 N@c4+ 26. Kc1 Qxf1+ 27. Q@d1 Qxd1+ 28. Nxd1 
Q@e1 29. Q@d2 Qxd2+ 30. Bxd2 fxe2 31. b3 exd1=Q+ 32. Kxd1 Q@b2 33. Rc1 P@f3 
34. P@e2 R@f1+ 35. Q@e1 Rxe1+ 36. Bxe1 Nxe1 
{tantheman forfeits on time} 0-1

[Event "fics rated crazyhouse match"]
[Site "fics, Oklahoma City, OK USA"]
[Date "2001.02.23"]
[White "fermy"]
[WhiteElo "2378"]
[Black "tantheman"]
[BlackElo "2343"]
[TimeControl "60+0"]
[Result "0-1"]

1. e4 e6 2. Nc3 b6 3. d4 Bb7 4. Bd3 Nf6 5. Be3 Bb4 6. f3 
c5 7. dxc5 bxc5 8. Bf4 d6 9. a3 Bxc3+ 10. bxc3 P@e5 11. Bg5 N@f4 
12. Bxf4 exf4 13. Nh3 B@e3 14. P@f2 Bxf2+ 15. Nxf2 P@g3 16. hxg3 fxg3 17. Nh3 
P@g4 18. fxg4 Nxe4 19. Qf3 P@d2+ 20. Kf1 Nxc3 21. Qxb7 d1=Q+ 22. Rxd1 Nxd1 
23. B@b5+ P@c6 24. Qxa8 cxb5 25. Bxb5+ Kf8 26. N@d7+ Kg8 27. Nxb8 B@a5 28. R@e4 
Nc3 29. Re3 Nd5 30. Nd7 Qxa8 31. N@f6+ gxf6 32. Nxf6+ Nxf6 
{fermy resigns} 0-1

[Event "fics rated crazyhouse match"]
[Site "fics, Oklahoma City, OK USA"]
[Date "2001.02.23"]
[White "tantheman"]
[WhiteElo "2352"]
[Black "fermy"]
[BlackElo "2369"]
[TimeControl "60+0"]
[Result "0-1"]

1. e3 e5 2. b3 d5 3. Bb2 Bd6 4. Nf3 Qe7 5. d4 Nd7 6. dxe5 
Nxe5 7. Nxe5 Bxe5 8. Bxe5 Qxe5 9. B@d4 Qg5 10. h4 Qg6 11. h5 Qh6 
12. N@g4 Qg5 13. P@f4 B@a5+ 14. Nc3 Qe7 15. Bxg7 N@e4 16. P@b2 P@a3 17. Bb5+ 
c6 18. Bd3 axb2 19. Bxe4 Bxc3+ 20. Bxc3 Qxe4 21. Bxh8 Qxg2 22. N@f6+ Kd8 
23. Rf1 N@f3+ 24. Qxf3 bxa1=Q+ 25. Qd1 Qxd1+ 26. Kxd1 R@b1+ 27. B@c1 Qxf1+ 28. N@e1 
Rxc1+ 29. Kxc1 B@a3+ 30. Kd2 Bc1+ 31. Kxc1 Qxe1+ 32. Kb2 Q@c1# 
{tantheman checkmated} 0-1

[Event "fics rated crazyhouse match"]
[Site "fics, Oklahoma City, OK USA"]
[Date "2001.02.23"]
[White "fermy"]
[WhiteElo "2377"]
[Black "tantheman"]
[BlackElo "2344"]
[TimeControl "60+0"]
[Result "1-0"]

1. e4 b6 2. d4 Bb7 3. Bd3 e6 4. Nh3 Nf6 5. Nd2 d5 6. e5 
Ne4 7. O-O Be7 8. Nf4 Bg5 9. Nf3 h6 10. Nh5 O-O 11. Bxg5 Nxg5 
12. B@f6 gxf6 13. Nxg5 fxg5 14. N@f6+ Kh8 15. Qg4 B@g7 16. Nxg7 Kxg7 17. Nh5+ 
Kg8 18. B@f6 B@f5 19. Bxf5 exf5 20. Qxf5 B@g6 21. Bxd8 N@e8 22. Nf6+ Kh8 
23. Qxg6 Nxf6 24. Bxf6# 
{tantheman resigns} 1-0

[Event "fics rated crazyhouse match"]
[Site "fics, Oklahoma City, OK USA"]
[Date "2001.02.23"]
[White "tantheman"]
[WhiteElo "2337"]
[Black "fermy"]
[BlackElo "2384"]
[TimeControl "60+0"]
[Result "1-0"]

1. e4 e5 2. Nf3 Nc6 3. Bc4 Bc5 4. O-O Nf6 5. Nc3 d6 6. d3 
Nd4 7. Nxd4 Bxd4 8. Nd5 Nxd5 9. Bxd5 c6 10. N@h5 Rg8 11. Bxf7+ Kxf7 
12. N@g5+ Ke7 13. Nxh7 B@g4 14. Bg5+ N@f6 15. N7xf6 gxf6 16. Bxf6+ Kd7 17. Bxd8 
N@h3+ 18. Kh1 Kxd8 19. P@e7+ Kxe7 20. P@f6+ Ke6 21. Q@e7# 
{fermy checkmated} 1-0

[Event "fics rated crazyhouse match"]
[Site "fics, Oklahoma City, OK USA"]
[Date "2001.02.23"]
[White "fermy"]
[WhiteElo "2375"]
[Black "tantheman"]
[BlackElo "2346"]
[TimeControl "60+0"]
[Result "1-0"]

1. d4 d5 2. Nf3 e6 3. Bf4 Bd6 4. e3 Bxf4 5. exf4 Nf6 6. Be2 
Nc6 7. O-O Bd7 8. Nbd2 Ne4 9. Ne5 f5 10. Nxe4 dxe4 11. N@f7 Qh4 
12. B@g5 Qxg5 13. fxg5 Rf8 14. Nxd7 Kxd7 15. Ne5+ Nxe5 16. dxe5+ B@d5 17. N@c5+ 
Kc8 18. B@d7+ Kb8 19. Bxe6 N@f4 20. Bxd5 N@h3+ 21. Kh1 Rd8 22. Na6+ Kc8 
23. Bxb7+ Kxb7 24. B@c6+ Kxc6 25. Q@b5# 
{tantheman checkmated} 1-0

[Event "fics rated crazyhouse match"]
[Site "fics, Oklahoma City, OK USA"]
[Date "2001.02.23"]
[White "tantheman"]
[WhiteElo "2339"]
[Black "fermy"]
[BlackElo "2382"]
[TimeControl "60+0"]
[Result "1-0"]

1. e3 e5 2. d4 e4 3. Bd3 exd3 4. cxd3 d5 5. Ne2 Nf6 6. Nbc3 
Bb4 7. Nf4 O-O 8. Bd2 Bf5 9. a3 Be7 10. Qf3 B@g4 11. Qg3 Nc6 
12. f3 Nh5 13. Nxh5 Bh4 14. N@f6+ Kh8 15. Qxh4 Bxh5 16. P@h6 N@c2+ 17. Ke2 
gxh6 18. B@g7+ Kxg7 19. Nxh5+ Kg8 20. Qxd8 Bxd3+ 21. Kxd3 B@g6+ 22. e4 dxe4+ 
23. Kxc2 exf3+ 24. Kc1 Bxh5 25. N@f6+ Kh8 26. B@g7+ Kxg7 27. Nxh5+ Kg6 28. Qf6+ 
Kxh5 29. Q@h4# 
{fermy checkmated} 1-0

[Event "fics rated crazyhouse match"]
[Site "fics, Oklahoma City, OK USA"]
[Date "2001.02.23"]
[White "fermy"]
[WhiteElo "2373"]
[Black "tantheman"]
[BlackElo "2348"]
[TimeControl "60+0"]
[Result "0-1"]

1. d4 d5 2. Nf3 Bg4 3. Bf4 Bxf3 4. exf3 N@e6 5. Bg3 Nc6 6. c3 
Nh6 7. Bd3 g6 8. O-O Bg7 9. Nd2 O-O 10. B@e5 Nxe5 11. Bxe5 B@f4 
12. Qe2 Bfxe5 13. dxe5 Nf4 14. Qe3 Nxd3 15. Qxd3 Bxe5 16. B@d4 Bxd4 17. cxd4 
B@f4 18. B@e5 Bxe5 19. dxe5 B@f4 20. B@d4 Bxd2 21. Qxd2 B@g7 22. B@c3 Nf5 
23. e6 f6 24. N@f7 Rxf7 25. exf7+ Kxf7 26. N@g3 Nxd4 27. Bxd4 B@h6 28. Qe2 
P@e5 29. Bc3 N@f4 30. Qe1 P@h4 31. Ne4 dxe4 32. fxe4 N@e2+ 33. Kh1 Nxc3 
34. bxc3 B@f3 35. N@e3 Bxg2+ 36. Nxg2 B@f3 37. Rg1 Nxg2 38. Rxg2 Bxg2+ 39. Kxg2 
P@f3+ 40. Kxf3 N@d2+ 41. Ke2 N@f4+ 42. Kd1 Nb3+ 43. Kc2 Qd3+ 44. Kxb3 R@c2 
{fermy forfeits on time} 0-1

[Event "fics rated crazyhouse match"]
[Site "fics, Oklahoma City, OK USA"]
[Date "2001.02.23"]
[White "tantheman"]
[WhiteElo "2357"]
[Black "fermy"]
[BlackElo "2364"]
[TimeControl "60+0"]
[Result "1-0"]

1. e3 e5 2. b3 d5 3. Bb2 Bd6 4. d4 e4 5. Nc3 Nh6 6. Be2 
c6 7. f3 exf3 8. Nxf3 O-O 9. O-O Nd7 10. e4 dxe4 11. Nxe4 Bxh2+ 
12. Nxh2 P@e3 13. B@g5 Qxg5 14. Nxg5 P@g3 15. Nhf3 B@f2+ 16. Kh1 Ng4 17. Nxh7 
Kxh7 18. Ng5+ Kg6 19. Q@h7+ Kxg5 20. Qxg7+ N@g6 21. Bxg4 Rh8+ 22. P@h3 Nf6 
23. P@f4+ Kxf4 24. Qf3+ Kg5 25. P@f4+ Kh4 26. N@f5+ Bxf5 27. Qxf6# 
{fermy forfeits on time} 1-0

[Event "fics rated crazyhouse match"]
[Site "fics, Oklahoma City, OK USA"]
[Date "2001.02.23"]
[White "fermy"]
[WhiteElo "2356"]
[Black "tantheman"]
[BlackElo "2365"]
[TimeControl "60+0"]
[Result "1-0"]

1. e4 e6 2. d4 d5 3. exd5 exd5 4. Nf3 Nc6 5. Bb5 Bb4+ 6. c3 
Qe7+ 7. Be3 Bd7 8. O-O Nh6 9. Bxh6 gxh6 10. cxb4 Rg8 11. B@g3 Qxb4 
12. Bxc6 Bxc6 13. Ne5 O-O-O 14. Nxc6 bxc6 15. N@c5 P@b7 16. P@d7+ Kb8 17. N@a6+ 
bxa6 18. Nxa6+ Ka8 19. Nxb4 B@a6 20. Nxa6 
{tantheman resigns} 1-0

[Event "fics rated crazyhouse match"]
[Site "fics, Oklahoma City, OK USA"]
[Date "2001.02.23"]
[White "tantheman"]
[WhiteElo "2357"]
[Black "fermy"]
[BlackElo "2364"]
[TimeControl "60+0"]
[Result "1-0"]

1. g3 e5 2. b3 d5 3. Bb2 Bd6 4. Bg2 c6 5. e4 d4 6. Ne2 
Nf6 7. h4 O-O 8. d3 Bg4 9. Na3 Bxa3 10. Bxa3 Re8 11. B@f3 Bxf3 
12. Bxf3 B@g4 13. Bxg4 Nxg4 14. B@f3 Nxf2 15. Kxf2 N@e3 16. Qc1 Nd7 17. B@g5 
Nf6 18. Bxe3 dxe3+ 19. Qxe3 B@d4 20. Nxd4 Qxd4 21. Qxd4 exd4 22. N@h6+ gxh6 
23. Q@g7+ Kxg7 24. N@f5+ Kg6 25. P@h5+ Nxh5 26. Bxh5+ Kf6 27. B@g7+ Ke6 28. N@c5# 
{fermy checkmated} 1-0

[Event "fics rated crazyhouse match"]
[Site "fics, Oklahoma City, OK USA"]
[Date "2001.02.23"]
[White "fermy"]
[WhiteElo "2356"]
[Black "tantheman"]
[BlackElo "2365"]
[TimeControl "60+0"]
[Result "1-0"]

1. e4 e6 2. d4 Ne7 3. Bd3 Nec6 4. Be3 Be7 5. Nh3 a6 6. O-O 
b5 7. a4 Bb7 8. axb5 Nb4 9. bxa6 Bxa6 10. Bxa6 N8xa6 11. Nc3 P@f5 
12. exf5 exf5 13. P@h6 Rg8 14. B@g3 B@g4 15. f3 Bxh3 16. gxh3 gxh6 17. Bxh6 
P@h4 18. B@f4 hxg3 19. hxg3 P@g5 20. Be5 B@e3+ 21. P@f2 g4 22. Nd5 Bxh6 
23. Nxe7 Qxe7 24. B@f6 N@f4 25. Bxe7 Nxh3+ 26. Kh2 B@d5 27. Rxa6 Nxa6 28. N@f6+ 
Kxe7 29. Nxg8+ Kd8 30. P@e7+ Kc8 31. R@d8+ Kb7 32. Rxa8 
{tantheman forfeits on time} 1-0

[Event "fics rated crazyhouse match"]
[Site "fics, Oklahoma City, OK USA"]
[Date "2001.02.23"]
[White "tantheman"]
[WhiteElo "2357"]
[Black "fermy"]
[BlackElo "2364"]
[TimeControl "60+0"]
[Result "0-1"]

1. g3 e5 2. e4 Nf6 3. Nf3 Bc5 4. Nxe5 Bxf2+ 5. Kxf2 Nxe4+ 6. Kg1 
Qf6 7. P@f4 d6 8. Ng4 Bxg4 9. Qxg4 P@f2+ 10. Kg2 N@e1+ 11. Kh3 h5 
12. Qc8+ Qd8 13. Qxd8+ Kxd8 14. B@h4+ P@f6 15. B@e2 g5 16. fxg5 fxg5 17. d3 
P@g4+ 18. Bxg4 hxg4+ 19. Kxg4 Q@f3+ 20. Kh3 B@g4# 
{tantheman checkmated} 0-1

[Event "fics rated crazyhouse match"]
[Site "fics, Oklahoma City, OK USA"]
[Date "2001.02.23"]
[White "fermy"]
[WhiteElo "2372"]
[Black "tantheman"]
[BlackElo "2349"]
[TimeControl "60+0"]
[Result "1-0"]

1. d4 d5 2. Nf3 Nf6 3. Bf4 Bf5 4. e3 Nc6 5. Nbd2 h6 6. Bd3 
Ne4 7. O-O g5 8. Be5 f6 9. c4 Bg7 10. cxd5 Qxd5 11. Nxe4 Bxe4 
12. Bxe4 Qxe4 13. B@d3 Qg4 14. N@g6 Rg8 15. P@h7 O-O-O 16. hxg8=Q Rxg8 17. R@g3 
Qd7 18. Rc1 P@h4 19. Rxc6 bxc6 20. Ba6+ Kb8 21. N@c5 Qd8 22. Qb3+ P@b6 
23. Qxg8 Qxg8 24. Nxe7 N@e2+ 25. Kh1 hxg3 26. Nxc6+ Ka8 27. P@b7# 
{tantheman checkmated} 1-0

[Event "fics rated crazyhouse match"]
[Site "fics, Oklahoma City, OK USA"]
[Date "2001.02.23"]
[White "tantheman"]
[WhiteElo "2342"]
[Black "fermy"]
[BlackElo "2379"]
[TimeControl "60+0"]
[Result "0-1"]

1. d4 Nf6 2. Nf3 d5 3. Bf4 Bf5 4. e3 e6 5. Nbd2 Be7 6. Bd3 
O-O 7. O-O Nbd7 8. Re1 Ne4 9. Ne5 Nxf2 10. Kxf2 Nxe5 11. dxe5 N@g4+ 
12. Kf1 Bg5 13. Bxg5 Qxg5 14. B@f4 Qh4 15. N@h3 Nxh2+ 16. Bxh2 Bxh3 17. N@f3 
Bxg2+ 18. Kxg2 B@h3+ 19. Kg1 P@f2# 
{tantheman resigns} 0-1

[Event "fics rated crazyhouse match"]
[Site "fics, Oklahoma City, OK USA"]
[Date "2001.02.23"]
[White "fermy"]
[WhiteElo "2386"]
[Black "tantheman"]
[BlackElo "2335"]
[TimeControl "60+0"]
[Result "1-0"]

1. d4 d5 2. Nf3 Nc6 3. Bf4 Nf6 4. e3 Bf5 5. Be2 e6 6. O-O 
Bd6 7. Nbd2 Ne4 8. c4 O-O 9. cxd5 exd5 10. Nxe4 dxe4 11. Ne5 P@d3 
12. Bh5 f6 13. N@f7 fxe5 14. Nxd8 Raxd8 15. P@f7+ Kh8 16. dxe5 Bxe5 17. P@h6 
Bxb2 18. Rb1 N@e2+ 19. Bxe2 dxe2 20. Qxe2 B@d3 21. Qxb2 N@e2+ 22. Kh1 Rxf7 
23. hxg7+ Rxg7 24. Qxg7+ Kxg7 25. N@h5+ Kf7 26. R@g7+ Ke8 27. Q@f7# 
{tantheman checkmated} 1-0

[Event "fics rated crazyhouse match"]
[Site "fics, Oklahoma City, OK USA"]
[Date "2001.02.23"]
[White "tantheman"]
[WhiteElo "2328"]
[Black "fermy"]
[BlackElo "2393"]
[TimeControl "60+0"]
[Result "1-0"]

1. b3 e5 2. Bb2 Nc6 3. Nf3 d6 4. e4 Bg4 5. Bc4 Be7 6. Nc3 
Nf6 7. Nd5 Nxd5 8. exd5 Nd4 9. Bxd4 exd4 10. O-O O-O 11. h3 Bh5 
12. N@f4 Bxf3 13. Qxf3 Bg5 14. N@e6 fxe6 15. dxe6 Rxf4 16. e7+ Kh8 17. exd8=Q+ 
Rxd8 18. Qg3 d5 19. Qxg5 Rdf8 20. P@e7 Rg8 21. Qxf4 dxc4 22. Qg4 N@f6 
23. R@f8 B@d5 24. Rxg8+ Bxg8 25. B@h6 Nxg4 26. Bxg7+ Kxg7 27. Q@f8+ Kg6 28. e8=Q+ 
Kg5 29. Qxg8# 
{fermy forfeits on time} 1-0

[Event "fics rated crazyhouse match"]
[Site "fics, Oklahoma City, OK USA"]
[Date "2001.02.23"]
[White "fermy"]
[WhiteElo "2384"]
[Black "tantheman"]
[BlackElo "2337"]
[TimeControl "60+0"]
[Result "0-1"]

1. d4 e6 2. Nf3 f5 3. Bf4 Nf6 4. e3 Be7 5. c4 O-O 6. Nc3 
b6 7. Be2 d6 8. O-O Qe8 9. d5 e5 10. Bxe5 dxe5 11. Nxe5 Nbd7 
12. Nxd7 Nxd7 13. P@e6 Ne5 14. P@f7+ Rxf7 15. exf7+ Nxf7 16. N@e6 B@e5 17. Bh5 
P@d7 18. Bxf7+ Qxf7 19. N@g5 Qg6 20. f4 dxe6 21. dxe6 Bxe6 22. Nxe6 N@h3+ 
23. Kh1 N@f2+ 24. Rxf2 Nxf2+ 25. Kg1 Nh3+ 26. Kf1 P@e2+ 27. Kxe2 R@f2+ 28. Kd3 
P@e4+ 29. Nxe4 fxe4# 
{fermy checkmated} 0-1

[Event "fics rated crazyhouse match"]
[Site "fics, Oklahoma City, OK USA"]
[Date "2001.02.23"]
[White "tantheman"]
[WhiteElo "2346"]
[Black "fermy"]
[BlackElo "2375"]
[TimeControl "60+0"]
[Result "1-0"]

1. e4 e5 2. d4 Nc6 3. d5 Nce7 4. Nf3 Ng6 5. Bc4 Bc5 6. Nc3 
d6 7. Be3 Nf6 8. Qd2 O-O 9. O-O-O a5 10. h4 a4 11. a3 c6 
12. h5 Nf4 13. h6 g6 14. Bxc5 dxc5 15. dxc6 B@d4 16. P@g7 Re8 17. Nxd4 
cxd4 18. B@d5 N@d6 19. cxb7 Bxb7 20. B@f8 Nxc4 21. Bxc4 P@e6 22. P@g5 dxc3 
23. Qxd8 cxb2+ 24. Kxb2 
{fermy resigns} 1-0

[Event "fics rated crazyhouse match"]
[Site "fics, Oklahoma City, OK USA"]
[Date "2001.02.23"]
[White "tantheman"]
[WhiteElo "2355"]
[Black "spurs"]
[BlackElo "2246"]
[TimeControl "60+0"]
[Result "0-1"]

1. e4 e6 2. d4 d5 3. exd5 exd5 4. Bb5+ Bd7 5. Nc3 Bb4 6. Qe2+ 
Qe7 7. Bd2 Bxc3 8. bxc3 Bxb5 9. P@d3 N@h4 10. B@h3 B@d7 11. Bxd7+ Bxd7 
12. B@f3 P@e4 13. dxe4 dxe4 14. Bxe4 B@b5 15. P@d3 Nf6 16. Bxb7 Qxe2+ 17. Nxe2 
P@b6 18. Bxa8 Bbc6 19. Bxc6 Nxc6 20. R@e3+ B@e6 21. Rg1 Nf5 22. Rf3 Nh4 
23. Q@a8+ Q@d8 24. Qxd8+ Nxd8 25. B@a3 Nc6 26. P@e7 Nxf3+ 27. gxf3 R@g8 28. Rxg7 
Nxe7 29. Bxe7 Kxe7 30. P@d6+ cxd6 31. Rxf7+ Kxf7 32. N@h6+ Ke8 33. P@f7+ Bxf7 
34. N@c7+ Kd8 35. Q@b8+ Ke7 
{tantheman forfeits on time} 0-1